 Dungeon Crawl Stone Soup version 0.26-a0-466-g989023bd0d (webtiles) character file.

Game seed: 18107257378982958121

16859 Gargoyl the Fighter (level 12, -2/97 HPs)
             Began as a Gnoll Abyssal Knight on July 30, 2020.
             Was an Elder of Lugonu.
             Slain by a komodo dragon (29 damage)
             ... on level 5 of the Lair of Beasts.
             The game lasted 00:19:00 (14462 turns).

Gargoyl the Fighter (Gnoll Abyssal Knight)         Turns: 14462, Time: 00:19:01

Health: -2/97      AC: 11    Str: 24    XL:     12   Next: 41%
Magic:  22/22      EV: 16    Int: 12    God:    Lugonu [****..]
Gold:   1168       SH:  0    Dex: 15    Spells: 25/25 levels left

rFire    . . .     SeeInvis +   h - +2 war axe (venom)
rCold    + . .     Faith    .   (no shield)
rNeg     + . .     Spirit   .   y - +0 ring mail of the End {rPois rN+ Str+2 Int-4} (curse)
rPois    +         Reflect  .   I - +2 helmet
rElec    .         Harm     .   z - +0 cloak "Kacoutar" {Regen+ Str+2}
rCorr    +                      (no gloves)
MR       .....                  (no boots)
Stlth    +++.......             d - amulet of the acrobat
HPRegen  0.66/turn              f - ring of protection from cold
MPRegen  0.18/turn              F - ring of resist corrosion

@: no status effects
A: distributed training, fangs 1, talons 1, see invisible, strong 1, strong nose
a: Depart the Abyss, Bend Space, Banish, Corrupt, Renounce Religion


You were on level 5 of the Lair of Beasts.
You worshipped Lugonu.
Lugonu was greatly pleased with you.
You visited 2 branches of the dungeon, and saw 14 of its levels.
You visited the Abyss 1 time.

You collected 1168 gold pieces.

Inventory:

Hand Weapons
 a - a +3 hand axe
 h - a +2 war axe of venom (weapon)
 q - a +3 vorpal broad axe
Missiles
 p - 16 javelins (quivered)
Armour
 y - the cursed +0 ring mail of the End (worn) {rPois rN+ Str+2 Int-4}
   (You found it on level 9 of the Dungeon)

   It affects your strength (+2).
   It affects your intelligence (-4).
   It protects you from poison.
   It protects you from negative energy.
   It has a curse placed upon it.
 z - the +0 cloak "Kacoutar" (worn) {Regen+ Str+2}
   (You found it on level 2 of the Lair of Beasts)

   It affects your strength (+2).
   It increases your rate of regeneration.
 I - a +2 helmet (worn)
Jewellery
 d - an amulet of the acrobat (around neck)
 f - a ring of protection from cold (left hand)
 F - a ring of resist corrosion (right hand)
Wands
 k - a wand of paralysis (6)
 m - a wand of clouds (6)
 n - a wand of flame (19)
 o - a wand of disintegration (6)
 u - a wand of random effects (28)
 v - a wand of iceblast (24)
 w - a wand of polymorph (6)
 E - a wand of acid (10)
Scrolls
 b - 2 scrolls of magic mapping
 i - 5 scrolls of remove curse
 r - 4 scrolls of teleportation
Potions
 c - 6 potions of curing
 e - a potion of resistance
 j - 3 potions of heal wounds
 l - 5 potions of stabbing
 s - 3 potions of mutation
 t - 3 potions of haste
 x - a potion of invisibility
 A - 2 potions of lignification
 B - a potion of magic
 D - 4 potions of flight
 H - a potion of ambrosia


   Skills:
 + Level 9.8 Fighting
 + Level 7.2 Short Blades
 + Level 7.2 Long Blades
 + Level 8.7 Axes
 + Level 7.2 Maces & Flails
 + Level 7.2 Polearms
 + Level 7.2 Staves
 + Level 7.2 Slings
 + Level 7.2 Bows
 + Level 7.2 Crossbows
 + Level 7.2 Throwing
 + Level 8.7 Armour
 + Level 7.8 Dodging
 + Level 7.2 Stealth
 + Level 7.2 Shields
 + Level 7.2 Unarmed Combat
 + Level 7.2 Spellcasting
 + Level 6.0 Conjurations
 + Level 6.0 Hexes
 + Level 6.0 Summonings
 + Level 6.0 Necromancy
 + Level 6.0 Translocations
 + Level 6.0 Transmutations
 + Level 6.0 Fire Magic
 + Level 6.0 Ice Magic
 + Level 6.0 Air Magic
 + Level 6.0 Earth Magic
 + Level 6.0 Poison Magic
 + Level 9.2 Invocations
 + Level 7.2 Evocations


You had 25 spell levels left.
You didn't know any spells.
Your spell library contained the following spells:

 Spells                   Type           Power        Failure   Level
 Beastly Appendage        Tmut           ###...       1%          1
 Shock                    Conj/Air       ###.         1%          1
 Summon Small Mammal      Summ           ###.         1%          1
 Call Imp                 Summ           ###.....     3%          2
 Swiftness                Air            ###.....     3%          2
 Wereblood                Tmut           ###.....     3%          2
 Call Canine Familiar     Summ           ###.....     6%          3
 Confusing Touch          Hex            ###.....     6%          3
 Gell's Gravitas          Tloc           ###.......   6%          3
 Spider Form              Tmut/Pois      ###.......   6%          3
 Static Discharge         Conj/Air       ###.....     6%          3
 Summon Guardian Golem    Hex/Summ       ###.....     6%          3
 Airstrike                Air            ###.......   19%         4
 Ice Form                 Ice/Tmut       ###.....     19%         4
 Petrify                  Tmut/Erth      ###.....     19%         4
 Summon Ice Beast         Ice/Summ       ###.....     19%         4
 Summon Lightning Spire   Summ/Air       ###.....     19%         4
 Blade Hands              Tmut           ###.......   47%         5
 Lightning Bolt           Conj/Air       ###.......   47%         5
 Metabolic Englaciation   Hex/Ice        ###.......   47%         5
 Yara's Violent Unravell  Hex/Tmut       ###.......   47%         5


Dungeon Overview and Level Annotations

Branches:
Dungeon (9/15)             Temple (0/1) D:4            Lair (5/6) D:9
 Shoals (0/4) Lair:4        Snake (0/4) Lair:3        Slime (0/5) Lair:5
    Orc (0/2) D:9

Altars:
Kikubaaqudgha
Xom
Jiyva

Shops:
D:7 (


Innate Abilities, Weirdness & Mutations

Your experience applies equally to all skills.
You have very sharp teeth.
Your uncanny sense of smell can sniff out nearby items.
You have sharp toenails.
You have supernaturally acute eyesight. (SInv)
Your muscles are strong. (Str +2)


Message History

The elephant barely misses you. The elephant trunk-slaps you.
You slash the elephant!
You kill the elephant!
Lugonu accepts your kill. The komodo dragon misses you.
You closely miss the porcupine. Your kick misses the porcupine.
You bite the porcupine.
The porcupine is moderately wounded.
You completely miss the komodo dragon. The porcupine completely misses you.
The porcupine bites you but does no damage.
The komodo dragon bites you!
You are struck by the porcupine's spines.
* * * LOW HITPOINT WARNING * * *
You slash the porcupine!
The porcupine is poisoned.
Your kick misses the porcupine.
You bite the porcupine, but do no damage.
The porcupine is severely wounded.
You hit the komodo dragon.
The komodo dragon is poisoned.
The porcupine closely misses you. The komodo dragon bites you!!
You die...

.#.. .... ## #.#. .##
#... #....## #..
...####..##.#P.##P#####.
.#..#..(.......P#.PP..#.
?.............P.PP......
........................
#.............P.........
#...@....PPP........#
##...lr....P......##.#
#..........#..#P..P..#
..PP....#..###..#.....##
.......$..#......##.##.#
.........##†......#..##.
.#..........#...#.?#####
.......##..#...#..###..
#......#..../......##..


You could see a komodo dragon (very poisoned) and a porcupine (very poisoned).

Vanquished Creatures
  Urug (Lair:4)
  Pikel (D:3)
  A manticore (Lair:4)
  2 elephants
  2 black mambas
  5 cane toads
  2 rime drakes
  A komodo dragon (Lair:2)
  2 polar bears (Lair:4)
  7 blink frogs
  8 hippogriffs
  12 yaks
  Eustachio (D:5)
  A basilisk (Lair:4)
  3 nagas (Lair:3)
  9 water moccasins
  5 porcupines
  2 orc warriors
  An ice beast (D:9)
  A black bear (Lair:4)
  A phantom (D:9)
  3 ogres
  5 centaurs
  An eye of draining (D:9)
  6 wolves (Lair:4)
  4 crocodiles
  10 bullfrogs
  2 scorpions
  A water moccasin skeleton (D:5)
  12 wights
  4 howler monkeys
  2 electric eels
  A centaur zombie (D:5)
  A lava snake (D:9)
  An orc priest (D:7)
  A hound (D:8)
  An orc wizard (D:5)
  2 bullfrog skeletons
  An iguana (D:9)
  Ijyb (D:5)
  3 worker ants
  2 hound skeletons
  3 gnolls (D:7)
  8 adders
  A shadow imp (D:9)
  A white imp (D:5)
  2 oozes
  An adder zombie (D:9)
  2 worms
  2 dart slugs
  6 leopard geckos
  16 orcs
  3 giant cockroaches
  9 goblins
  5 hobgoblins
  7 jackals
  10 kobolds
  2 quokkas
  8 bats
  6 frilled lizards
  A leopard gecko skeleton (D:5)
  4 rats
  A fungus (Lair:5)
230 creatures vanquished.

Vanquished Creatures (others)
  An elephant (Lair:4)
  2 electric eels (Lair:2)
  4 plants (Lair:4)
7 creatures vanquished.

Grand Total: 237 creatures vanquished

Notes
Turn   | Place    | Note
-------+----------+-------------------------------------------
     0 | Abyss:1  | Gargoyl the Gnoll Abyssal Knight began the quest for the
                  | Orb.
     0 | Abyss:1  | Reached XP level 1. HP: 23/23 MP: 3/3
    79 | Abyss:2  | Noticed a large abomination
    98 | D:1      | Escaped the Abyss
   294 | D:1      | Reached XP level 2. HP: 22/29 MP: 5/5
   466 | D:1      | Reached * piety under Lugonu
   778 | D:1      | Reached XP level 3. HP: 33/35 MP: 6/6
  1196 | D:2      | Gained mutation: You have supernaturally acute eyesight.
                  | (SInv) [potion of mutation]
  1196 | D:2      | Gained mutation: You have sharp toenails. [potion of
                  | mutation]
  1196 | D:2      | Gained mutation: Your muscles are strong. (Str +2) [potion
                  | of mutation]
  1559 | D:2      | Reached skill level 1 in Short Blades
  1559 | D:2      | Reached skill level 1 in Long Blades
  1559 | D:2      | Reached skill level 1 in Maces & Flails
  1559 | D:2      | Reached skill level 1 in Polearms
  1559 | D:2      | Reached skill level 1 in Staves
  1559 | D:2      | Reached skill level 1 in Slings
  1559 | D:2      | Reached skill level 1 in Bows
  1559 | D:2      | Reached skill level 1 in Crossbows
  1559 | D:2      | Reached skill level 1 in Throwing
  1559 | D:2      | Reached skill level 1 in Stealth
  1559 | D:2      | Reached skill level 1 in Shields
  1559 | D:2      | Reached skill level 1 in Unarmed Combat
  1559 | D:2      | Reached skill level 1 in Spellcasting
  1559 | D:2      | Reached skill level 1 in Evocations
  1597 | D:2      | Reached XP level 4. HP: 39/41 MP: 7/7
  2222 | D:3      | Reached ** piety under Lugonu
  2224 | D:3      | Reached skill level 1 in Conjurations
  2224 | D:3      | Reached skill level 1 in Hexes
  2224 | D:3      | Reached skill level 1 in Summonings
  2224 | D:3      | Reached skill level 1 in Necromancy
  2224 | D:3      | Reached skill level 1 in Translocations
  2224 | D:3      | Reached skill level 1 in Transmutations
  2224 | D:3      | Reached skill level 1 in Fire Magic
  2224 | D:3      | Reached skill level 1 in Ice Magic
  2224 | D:3      | Reached skill level 1 in Air Magic
  2224 | D:3      | Reached skill level 1 in Earth Magic
  2224 | D:3      | Reached skill level 1 in Poison Magic
  2580 | D:4      | Noticed Pikel
  2580 | D:4      | Noticed a lemure
  2580 | D:4      | Noticed a lemure
  2580 | D:4      | Noticed a lemure
  2580 | D:4      | Noticed a lemure
  2603 | D:3      | Killed Pikel
  2603 | D:3      | Reached skill level 5 in Axes
  2603 | D:3      | Reached skill level 5 in Armour
  2603 | D:3      | Reached skill level 5 in Invocations
  2603 | D:3      | Reached XP level 5. HP: 20/48 MP: 7/9
  2603 | D:3      | Reached XP level 6. HP: 22/55 MP: 7/10
  2603 | D:3      | Reached XP level 7. HP: 25/60 MP: 7/11
  3050 | D:4      | Found a shimmering altar of Xom.
  3080 | D:4      | Found a staircase to the Ecumenical Temple.
  3689 | D:5      | Entered Level 5 of the Dungeon
  4010 | D:5      | Noticed Eustachio
  4045 | D:5      | Killed Eustachio
  4045 | D:5      | Reached XP level 8. HP: 37/67 MP: 12/12
  4429 | D:5      | Noticed Ijyb
  4437 | D:5      | Killed Ijyb
  5625 | D:7      | Reached *** piety under Lugonu
  6266 | D:6      | Reached XP level 9. HP: 19/73 MP: 14/14
  6832 | D:7      | Found Jonkauro's Antique Weapon Emporium.
  7085 | D:8      | Found an ancient bone altar of Kikubaaqudgha.
  7610 | D:9      | Reached skill level 5 in Dodging
  8140 | D:9      | Found a staircase to the Orcish Mines.
  8151 | D:9      | Identified a scroll of acquirement
  8151 | D:9      | Acquired a +0 vorpal broad axe
  8256 | D:9      | Got a glimmering ring mail
  8267 | D:9      | Identified the cursed +0 ring mail of the End {rPois rN+
                  | Str+2 Int-4} (You found it on level 9 of the Dungeon)
  8322 | D:9      | Reached **** piety under Lugonu
  8562 | D:9      | Found a staircase to the Lair.
  8673 | Lair:1   | Entered Level 1 of the Lair of Beasts
  8855 | Lair:1   | Reached XP level 10. HP: 58/80 MP: 17/17
  9023 | Lair:1   | Reached skill level 5 in Short Blades
  9023 | Lair:1   | Reached skill level 5 in Long Blades
  9023 | Lair:1   | Reached skill level 5 in Maces & Flails
  9023 | Lair:1   | Reached skill level 5 in Polearms
  9023 | Lair:1   | Reached skill level 5 in Staves
  9023 | Lair:1   | Reached skill level 5 in Slings
  9023 | Lair:1   | Reached skill level 5 in Bows
  9023 | Lair:1   | Reached skill level 5 in Crossbows
  9023 | Lair:1   | Reached skill level 5 in Throwing
  9023 | Lair:1   | Reached skill level 5 in Stealth
  9023 | Lair:1   | Reached skill level 5 in Shields
  9023 | Lair:1   | Reached skill level 5 in Unarmed Combat
  9023 | Lair:1   | Reached skill level 5 in Spellcasting
  9023 | Lair:1   | Reached skill level 5 in Evocations
  9262 | Lair:2   | Noticed a cane toad
  9270 | Lair:2   | Killed a cane toad
  9689 | Lair:2   | HP: 3/82 [hippogriff (4)]
 10412 | Lair:2   | Got a brightly glowing cloak
 10423 | Lair:2   | Identified the +0 cloak "Kacoutar" {Regen+ Str+2} (You
                  | found it on level 2 of the Lair of Beasts)
 10455 | Lair:2   | Noticed a cane toad
 10464 | Lair:2   | Killed a cane toad
 10877 | Lair:3   | Noticed a cane toad
 10880 | Lair:3   | Noticed a cane toad
 10887 | Lair:3   | Killed a cane toad
 10889 | Lair:3   | Killed a cane toad
 10889 | Lair:3   | Reached XP level 11. HP: 58/87 MP: 19/19
 11215 | Lair:3   | Reached skill level 5 in Conjurations
 11215 | Lair:3   | Reached skill level 5 in Hexes
 11215 | Lair:3   | Reached skill level 5 in Summonings
 11215 | Lair:3   | Reached skill level 5 in Necromancy
 11215 | Lair:3   | Reached skill level 5 in Translocations
 11215 | Lair:3   | Reached skill level 5 in Transmutations
 11215 | Lair:3   | Reached skill level 5 in Fire Magic
 11215 | Lair:3   | Reached skill level 5 in Ice Magic
 11215 | Lair:3   | Reached skill level 5 in Air Magic
 11215 | Lair:3   | Reached skill level 5 in Earth Magic
 11215 | Lair:3   | Reached skill level 5 in Poison Magic
 11663 | Lair:3   | HP: 1/89 [yak (10)]
 11897 | Lair:3   | Found a staircase to the Snake Pit.
 12595 | Lair:4   | Noticed a four-headed hydra
 12597 | Lair:4   | Banished a four-headed hydra
 13027 | Lair:4   | Reached XP level 12. HP: 38/96 MP: 22/22
 13319 | Lair:4   | Noticed Urug
 13320 | Lair:4   | Found a staircase to the Shoals.
 13535 | Lair:4   | Killed Urug
 14273 | Lair:5   | Found a viscous altar of Jiyva.
 14274 | Lair:5   | Found a staircase to the Slime Pits.
 14462 | Lair:5   | Slain by a komodo dragon

Illustrated notes

Levels and vault maps discovered:
D:1:      tarquinn_simple_flora_water_d, layout_loops_corners,
          kennysheep_doodads
D:2:      layout_loops_ring, lightli_corner_chamber
D:3:      layout_rooms
D:4:      layout_basic, minmay_temple_entry_antechambers, xom_teletrap_fun,
          uniq_pikel
D:5:      layout_basic, serial_co_window_serial, co_window_of_opportunity_a,
          co_window_paths_b, co_window_paths_a, co_window_paths_b,
          co_window_paths_a, co_window_of_opportunity_a, co_window_paths_a,
          co_window_broadway_a, co_window_of_opportunity_b, co_window_cross_4,
          glass_columns_c, glass_columns_b, uniq_ijyb, uniq_eustachio
D:6:      layout_basic
D:7:      layout_cave_pods, serial_shops, nicolae_shop_behind_doors
D:8:      layout_rooms, kiku_gazebo_garden_becter
D:9:      layout_big_octagon, lair_entry_dummy
Lair:1:   layout_cave_shapes
Lair:2:   layout_roguey, grunt_megastairs_1, wad_woods_river_01
Lair:3:   layout_gridlike, minmay_snake_entry_guardpost_small, serial_forest,
          infiniplex_forest_straight_3, infiniplex_forest_lined_corner,
          infiniplex_forest_pool, infiniplex_forest_end_3
Lair:4:   layout_long_grid, minmay_shoals_entry_beasts, serial_forest,
          infiniplex_forest_clump_C, infiniplex_forest_3_way,
          infiniplex_forest_lined_room_, infiniplex_forest_clump_large,
          infiniplex_forest_join, forest_entry_grove,
          infiniplex_staircase_pool_2, lemuel_fruit_fields, uniq_urug
Lair:5:   layout_small_grid, slime_altar_1, serial_bayou_ford_a,
          grunt_megastairs_2

Skill      XL: |  1  2  3  4  5  6  7  8  9 10 11 12 |
---------------+-------------------------------------+-----
Short Blades   | 1 2 3 4 5 6 7 |  7.2
Long Blades    | 1 2 3 4 5 6 7 |  7.2
Maces & Flails | 1 2 3 4 5 6 7 |  7.2
Polearms       | 1 2 3 4 5 6 7 |  7.2
Staves         | 1 2 3 4 5 6 7 |  7.2
Slings         | 1 2 3 4 5 6 7 |  7.2
Bows           | 1 2 3 4 5 6 7 |  7.2
Crossbows      | 1 2 3 4 5 6 7 |  7.2
Throwing       | 1 2 3 4 5 6 7 |  7.2
Stealth        | 1 2 3 4 5 6 7 |  7.2
Shields        | 1 2 3 4 5 6 7 |  7.2
Unarmed Combat | 1 2 3 4 5 6 7 |  7.2
Spellcasting   | 1 2 3 4 5 6 7 |  7.2
Evocations     | 1 2 3 4 5 6 7 |  7.2
Conjurations   | 2 3 4 5 6 |  6.0
Hexes          | 2 3 4 5 6 |  6.0
Summonings     | 2 3 4 5 6 |  6.0
Necromancy     | 2 3 4 5 6 |  6.0
Translocations | 2 3 4 5 6 |  6.0
Transmutations | 2 3 4 5 6 |  6.0
Fire Magic     | 2 3 4 5 6 |  6.0
Ice Magic      | 2 3 4 5 6 |  6.0
Air Magic      | 2 3 4 5 6 |  6.0
Earth Magic    | 2 3 4 5 6 |  6.0
Poison Magic   | 2 3 4 5 6 |  6.0
Fighting       | 7 8 9 |  9.8
Axes           | 5 6 7 8 |  8.7
Armour         | 5 6 7 8 |  8.7
Dodging        | 3 4 5 6 7 |  7.8
Invocations    | 5 6 7 8 9 |  9.2

Action                   |  1- 3 |  4- 6 |  7- 9 | 10-12 || total
-------------------------+-------+-------+-------+-------++-------
Melee: Hand axe          |    75 |    45 |   276 |       ||   396
       Bite              |     6 |     7 |    32 |    49 ||    94
       Kick              |     2 |     9 |   116 |    94 ||   221
       Punch             |       |       |     7 |    11 ||    18
       Broad axe         |       |       |    32 |   217 ||   249
       War axe           |       |       |       |    61 ||    61
Throw: Javelin           |       |       |    17 |       ||    17
Invok: Depart the Abyss  |     1 |       |       |       ||     1
       Bend Space        |       |       |     1 |       ||     1
       Banish            |       |       |       |     4 ||     4
  Use: Potion            |     3 |     1 |     1 |     5 ||    10
       Scroll            |     7 |     6 |    15 |    12 ||    40
 Stab: Sleeping          |     5 |       |     2 |     6 ||    13
Armor: Leather armour    |    16 |       |       |       ||    16
       Scale mail        |     1 |     2 |       |       ||     3
       Chain mail        |       |    12 |   166 |       ||   178
       Ring mail         |       |       |     9 |   132 ||   141
Dodge: Dodged            |    73 |    27 |   243 |   415 ||   758

Table legend: (Time is in decaauts)
 A = Elapsed time spent in this place.
 B = Non-inter-level travel time spent in this place.
 C = Inter-level travel time spent in this place.
 D = Time resting spent in this place.
 E = Time spent auto-exploring this place.
 F = Levels seen in this place.
 G = Mean time per level.
                   A        B        C        D        E       F      G
               +--------+--------+--------+--------+--------+-----+--------+
         Total |  14566 |  14231 |    335 |   4142 |   7692 |  16 |  910.4 |
       Dungeon |   8597 |   8372 |    225 |   1866 |   5089 |   9 |  955.2 |
          Lair |   5871 |   5761 |    110 |   2276 |   2543 |   5 | 1174.2 |
         Abyss |     97 |     97 |      0 |      0 |     60 |   2 |   48.5 |
               +--------+--------+--------+--------+--------+-----+--------+

Top non-repeatable levels by time:
  Lair:2: 1779 daAuts
  Lair:3: 1632 daAuts
  Lair:4: 1338 daAuts
     D:5: 1246 daAuts
     D:1: 1031 daAuts
     D:6: 1023 daAuts
     D:8: 983 daAuts
     D:7: 936 daAuts
     D:4: 913 daAuts
     D:2: 903 daAuts
     D:9: 807 daAuts
     D:3: 751 daAuts
  Lair:1: 561 daAuts
  Lair:5: 559 daAuts
 Abyss:1: 65 daAuts
